 Dungeon Crawl Stone Soup version 0.24-a0-463-g3510def (webtiles) character file.

Game seed: 9021741596628121020

109 EonDragon20 the Charmwright (level 4, -3/33 HPs)
             Began as a Merfolk Skald on July 3, 2019.
             Killed by divine providence
             ... invoked by an orc priest
              (13 damage)
             ... on level 3 of the Dungeon.
             The game lasted 00:07:37 (3012 turns).

EonDragon20 the Charmwright (Merfolk Skald)         Turns: 3012, Time: 00:07:38

Health: -3/33      AC:  4    Str: 12    XL:     4   Next: 90%
Magic:  2/7        EV: 12    Int: 12    God:
Gold:   115        SH:  0    Dex: 13    Spells: 2/7 levels left

rFire    . . .     SeeInvis .   a - +1 spear
rCold    . . .     Gourm    .   (no shield)
rNeg     . . .     Faith    .   b - +1 leather armour
rPois    .         Spirit   .   (no helmet)
rElec    .         Reflect  .   (no cloak)
rCorr    .         Harm     .   (no gloves)
MR       .....                  (no boots)
Stlth    +.........             (no amulet)
HPRegen  0.11/turn              (no ring)
MPRegen  0.10/turn              (no ring)

@: no status effects
A: change form in water, swift swim, stealthy swim
a: no special abilities


You were on level 3 of the Dungeon.
You were not hungry.

You visited 1 branch of the dungeon, and saw 3 of its levels.

You collected 115 gold pieces.

Inventory:

Hand Weapons
 a - a +1 spear (weapon)
Armour
 b - a +1 leather armour (worn)
 i - a +1 pair of boots
Wands
 m - a wand of clouds (4)
Scrolls
 f - a scroll of amnesia
 g - 2 scrolls of immolation
 k - 2 scrolls of blinking
Potions
 c - a potion of brilliance
 e - a potion of cancellation
Comestibles
 d - 3 rations


   Skills:
 - Level 2.1 Fighting
 + Level 4.7 Polearms
 - Level 0.6 Armour
 - Level 2.6 Dodging
 - Level 2.0 Spellcasting
 * Level 5.2 Charms


You had 2 spell levels left.
You knew the following spells:

 Your Spells              Type           Power        Failure   Level  Hunger
a - Infusion              Chrm           ##..         4%          1    ##.....
b - Song of Slaying       Chrm           ##......     6%          2    ###....
c - Shroud of Golubria    Chrm/Tloc      #.....       19%         2    ###....

Your spell library contained the following spells:

 Spells                   Type           Power        Failure   Level  Hunger
 Regeneration             Chrm/Necr      #.........   34%         3    ####...
 Spectral Weapon          Hex/Chrm       #.......     34%         3    ####...


Dungeon Overview and Level Annotations

Branches:
Dungeon (3/15)

Altars:
Ashenzari
Cheibriados
Elyvilon
Sif Muna
Xom
Zin


Message History

You hit the orc.
The orc is severely wounded.
The orc barely misses you.
You barely miss the orc.
The orc is severely wounded.
You hit the orc but do no damage.
The orc is severely wounded.
The orc hits you with a +0 war axe!
* * * LOW HITPOINT WARNING * * *
You hear some strange, mumbled words.
An orc wizard appears from thin air!
Reactivating autopickup.
The orc priest miscasts a cantrip.
The orc priest calls upon Beogh to heal the orc wizard.
The orc wizard's wounds heal themselves!
The orc wizard looks encouraged for a moment.
The orc closely misses you.
The orc priest calls down the wrath of Beogh upon you.
Beogh smites you!
You die...

#......#
#.#...#..#.#
#......#
#.#......#†#
#....(.#
#.#..##.##.#
#......#
#........#.#
#......#
#####..####.#
#......#
#.........#o#
#.#######.#.#
#.# #.#
#@#########.#
#..oo...oS†o#
#############


You could see an orc priest, an orc wizard and an orc.

Vanquished Creatures
  5 adders
  An ooze (D:1)
  2 worms
  2 dart slugs
  A leopard gecko (D:2)
  An orc (D:3)
  A ball python (D:2)
  A giant cockroach (D:2)
  3 goblins
  5 hobgoblins
  4 jackals
  6 kobolds
  A quokka (D:2)
  8 bats
  3 frilled lizards
  9 rats
53 creatures vanquished.

Notes
Turn   | Place    | Note
-------+----------+-------------------------------------------
     0 | D:1      | EonDragon20 the Merfolk Skald began the quest for the Orb.
     0 | D:1      | Reached XP level 1. HP: 16/16 MP: 3/3
    75 | D:1      | Reached XP level 2. HP: 22/22 MP: 5/5
    84 | D:1      | Learned a level 2 spell: Song of Slaying
   648 | D:1      | Reached skill level 4 in Charms
  1118 | D:2      | Reached XP level 3. HP: 14/27 MP: 3/6
  1437 | D:2      | Found a shimmering altar of Xom.
  1448 | D:2      | Found a glowing silver altar of Zin.
  1451 | D:2      | Found a white marble altar of Elyvilon.
  1454 | D:2      | Found a shattered altar of Ashenzari.
  1483 | D:2      | Found a snail-covered altar of Cheibriados.
  1634 | D:2      | Learned a level 2 spell: Shroud of Golubria
  1673 | D:2      | Reached XP level 4. HP: 24/33 MP: 2/7
  2490 | D:2      | Found a deep blue altar of Sif Muna.
  2533 | D:3      | Reached skill level 5 in Charms
  3012 | D:3      | Killed from afar by an orc priest

Levels and vault maps discovered:
D:1:      evilmike_arrival_crescent, layout_loops_ring
D:2:      layout_loops_corners, cheibriados_altar_1,
          grunt_temple_overflow_cloverleaf, led_sif_pool, minmay_tall_x
D:3:      layout_basic, minmay_goblin_kobold_house

Skill      XL: |  1  2  3  4 |
---------------+-------------+-----
Charms         | 4 5 |  5.2
Polearms       | 4 |  4.7
Fighting       | |  2.1
Armour         | |  0.6
Dodging        | |  2.6
Spellcasting   | |  2.0

Action                   |  1- 3 |  4- 6 || total
-------------------------+-------+-------++-------
Melee: Spear             |   105 |   111 ||   216
 Cast: Infusion          |     3 |     5 ||     8
       Shroud of Golubri |       |     2 ||     2
       Song of Slaying   |       |     1 ||     1
  Use: Scroll            |     6 |     2 ||     8
       Potion            |       |     5 ||     5
 Stab: Sleeping          |     1 |       ||     1
  Eat: Chunk             |     2 |     5 ||     7
Armor: Leather armour    |    22 |    49 ||    71
Dodge: Dodged            |    57 |   111 ||   168

Table legend:
 A = Non-vault XP
 B = Vault XP
 C = Vault XP percentage of total XP
 D = Non-vault monster count
 E = Vault monster count
 F = Vault count percentage of total count
                 A         B        C        D         E       F
            +---------+---------+-------+---------+---------+-------
      Total |     148 |       9 |   5.7 |      49 |       4 |   7.5
            +---------+---------+-------+---------+---------+-------
        D:1 |      30 |       0 |   0.0 |      16 |       0 |   0.0
        D:2 |      69 |       9 |  11.5 |      20 |       4 |  16.7
        D:3 |      49 |       0 |   0.0 |      13 |       0 |   0.0
            +---------+---------+-------+---------+---------+-------
